 Dungeon Crawl Stone Soup version 0.25-a0-1015-g4819203062 (webtiles) character file.

Game seed: 11007336182453419204, levelgen mode: deterministic

93 Harbin the Grave Robber (level 4, 0/33 HPs)
             Began as a Hill Orc Necromancer on May 12, 2020.
             Slain by an adder (2 damage)
             ... on level 3 of the Dungeon.
             The game lasted 00:18:51 (2452 turns).

Harbin the Grave Robber (Hill Orc Necromancer)      Turns: 2452, Time: 00:18:52

Health: 0/33       AC:  5    Str: 10    XL:     4   Next: 62%
Magic:  1/8        EV: 10    Int: 16    God:
Gold:   104        SH:  0    Dex: 11    Spells: 3/8 levels left

rFire    . . .     SeeInvis .   k - +0 whip (curse)
rCold    . . .     Gourm    .   (no shield)
rNeg     . . .     Faith    .   s - +0 ring mail
rPois    .         Spirit   .   (no helmet)
rElec    .         Reflect  .   (no cloak)
rCorr    +         Harm     .   (no gloves)
MR       .....                  (no boots)
Stlth    +.........             (no amulet)
HPRegen  0.11/turn              o - ring of resist corrosion
MPRegen  0.11/turn              (no ring)

@: brilliant, lethally poisoned (0 -> -1), very slightly contaminated, lightly
drained
A: no striking features
a: no special abilities


You were on level 3 of the Dungeon.
You were not hungry.

You visited 1 branch of the dungeon, and saw 3 of its levels.

You collected 104 gold pieces.

Inventory:

Hand Weapons
 k - a cursed +0 whip (weapon)
Armour
 a - a +0 robe
 n - a +0 leather armour
 p - a +0 robe
 s - a +0 ring mail (worn)
Jewellery
 o - a ring of resist corrosion (left hand)
Scrolls
 d - a scroll of enchant weapon {unknown}
 j - 2 scrolls of remove curse {unknown}
 m - 6 scrolls of identify {unknown}
 q - a scroll of magic mapping {unknown}
Potions
 b - a potion of haste {unknown}
 e - a potion of stabbing {unknown}
 f - a potion of heal wounds {unknown}
 g - a potion of brilliance
 h - a potion of mutation {unknown}
 i - 2 potions of curing {unknown}
 l - 2 potions of might {unknown}
Comestibles
 c - 2 rations
 r - 3 chunks of flesh


   Skills:
 + Level 0.2(0.0) Fighting
 + Level 0.7(0.4) Armour
 + Level 1.9(1.5) Dodging
 + Level 1.5(1.1) Stealth
 + Level 2.7(2.2) Spellcasting
 + Level 4.7(4.3) Necromancy


You had 3 spell levels left.
You knew the following spells:

 Your Spells              Type           Power        Failure   Level  Hunger
a - Pain                  Necr           ###.         9%          1    None
b - Animate Skeleton      Necr           N/A          9%          1    None
c - Vampiric Draining     Necr           ###.......   26%         3    None

Your spell library contained the following spells:

 Spells                   Type           Power        Failure   Level  Hunger
 Animate Dead             Necr           N/A          65%         4    None
 Agony                    Necr           ###.....     94%         5    None


Dungeon Overview and Level Annotations

Branches:
Dungeon (3/15)

Altars:


Message History

Your adder skeleton closely misses the adder.
The orc hits you with a cursed -1 whip.
* * * LOW HITPOINT WARNING * * *
The adder bites you but does no damage.
You barely miss the adder.
The adder is almost dead.
Your adder skeleton completely misses the adder.
The orc hits you but does no damage. The adder completely misses you.
Your adder skeleton bites the adder but does no damage.
The orc hits your adder skeleton with a cursed -1 whip.
Your adder skeleton is destroyed!
You miss the adder.
The adder is almost dead.
You feel sick. The adder barely misses you. The adder bites you.
* * * LOW HITPOINT WARNING * * *
Found 22 stones and 11 gold pieces.
It was a potion of brilliance.
You feel clever all of a sudden. The orc closely misses you.
The adder bites you.
You die...

#.<...# #.....#
######.....#
...........# ##########
...........# #.........
.....#..)..####.........
.##.........<..<........
.......oS..####.........
.##...#@#### #.........
#..#.#.# #(........ ...
. #.. ########## .. .
.... .. ..... .......
........ ..$(......


You could see an adder and an orc.

Vanquished Creatures
  4 adders
  2 worms (D:2)
  A dart slug (D:1)
  An orc (D:3)
  2 bats
  2 giant cockroaches
  6 goblins
  2 hobgoblins
  2 ball pythons
  2 frilled lizards
  5 kobolds
  5 rats
34 creatures vanquished.

Vanquished Creatures (collateral kills)
  An adder (D:2)
  An ooze (D:3)
  A dart slug (D:1)
  A giant cockroach (D:2)
  2 jackals (D:2)
6 creatures vanquished.

Grand Total: 40 creatures vanquished

Notes
Turn   | Place    | Note
-------+----------+-------------------------------------------
     0 | D:1      | Harbin the Hill Orc Necromancer began the quest for the
                  | Orb.
     0 | D:1      | Reached XP level 1. HP: 14/14 MP: 3/3
    30 | D:1      | Learned a level 1 spell: Animate Skeleton
   343 | D:1      | Reached XP level 2. HP: 18/20 MP: 0/4
  1161 | D:2      | Reached XP level 3. HP: 23/26 MP: 1/6
  1166 | D:2      | Learned a level 3 spell: Vampiric Draining
  1728 | D:2      | Reached XP level 4. HP: 25/33 MP: 5/7
  2452 | D:3      | Slain by an adder

Illustrated notes

Levels and vault maps discovered:
D:1:      lightli_arrival_lavapool, layout_rooms
D:2:      layout_rooms, first_ration
D:3:      layout_rooms, chequers_ecumenical_altar_simple, xom_teletrap_fun

Skill      XL: |  1  2 |
---------------+-------+-----
Spellcasting   | 2 |  2.7
Fighting       | |  0.2
Armour         | |  0.7
Dodging        | |  1.9
Stealth        | |  1.5
Necromancy     | |  4.7

Action                   |  1- 3 |  4- 6 || total
-------------------------+-------+-------++-------
Melee: Unarmed           |    25 |       ||    25
       Whip              |    17 |    44 ||    61
 Cast: Pain              |    54 |     9 ||    63
       Animate Skeleton  |     7 |     7 ||    14
       Vampiric Draining |     1 |     1 ||     2
  Use: Potion            |       |     1 ||     1
 Stab: Sleeping          |     1 |       ||     1
  Eat: Ration            |     1 |       ||     1
       Chunk             |       |     3 ||     3
Armor: Robe              |     7 |     4 ||    11
       Ring mail         |       |    12 ||    12
       Leather armour    |       |     2 ||     2
Dodge: Dodged            |    29 |    24 ||    53

Table legend:
 A = Non-vault XP
 B = Vault XP
 C = Vault XP percentage of total XP
 D = Non-vault monster count
 E = Vault monster count
 F = Vault count percentage of total count
                 A         B        C        D         E       F
            +---------+---------+-------+---------+---------+-------
      Total |     134 |       0 |   0.0 |      40 |       0 |   0.0
            +---------+---------+-------+---------+---------+-------
        D:1 |      30 |       0 |   0.0 |      17 |       0 |   0.0
        D:2 |      82 |       0 |   0.0 |      20 |       0 |   0.0
        D:3 |      22 |       0 |   0.0 |       3 |       0 |   0.0
            +---------+---------+-------+---------+---------+-------
